cohdb
Replays
Latest Replays
All Replays
Popular Replays
Top Player Replays
Match Explorer
How It Works
Community
CoH3 Stats
Reddit
Sign in to upload your games and track your stats! →
Sign in with Steam
Match 41211422
Unlisted
Match 41211422
Overview
Messages
Build Orders
End
Panzergrenadier Squad
Selects Armored Support Battlegroup
Selects Armored Support Battlegroup
Panzergrenadier Squad
Panzergrenadier Squad
Construct Light Support Kompanie
Fire Support Elements
Selects Salvage Kits
Selects Veteran Gunners
Veteran Squad Leaders
Flakvierling Half-track
MG34 Team
Vehicle Survival Package
Construct Panzerarmee Kommand
Selects Flammpanzer III Medium Tank
Assault Mechanized Group
Panzer III L Medium Tank
Panzergrenadier Squad
Flammpanzer III Medium Tank
MG34 Team
MG34 Team
Selects Command Panzer IV F Medium Tank
BIOHAZARD
=BIA=Daghito
Enfelon
lumezzz1919
Daniel
SpoSadiK
FoxWay
Fitzgerald93
0
0
Comments
sign in to comment!
No comments posted yet!